 Dungeon Crawl Stone Soup version 0.26-a0-971-g1d9d62bb61 (webtiles) character file.

Game seed: 14770565699504607054

156 streetpizza the Conjurer (level 5, -2/40 HPs)
             Began as a Draconian Conjurer on Dec 4, 2020.
             Killed from afar by Natasha (6 damage)
             ... with a magic dart
             ... on level 4 of the Dungeon.
             The game lasted 00:12:50 (3692 turns).

streetpizza the Conjurer (Draconian Conjurer)       Turns: 3692, Time: 00:12:51

Health: -2/40      AC:  5    Str:  9    XL:     5   Next: 14%
Magic:  0/9        EV: 12    Int: 19    God:
Gold:   171        SH:  0    Dex: 10    Spells: 6/9 levels left

rFire    + . .     SeeInvis .   h - staff of fire
rCold    . . .     Faith    .   (no shield)
rNeg     . . .     Spirit   .   (armour unavailable)
rPois    .         Reflect  .   (helmet restricted)
rElec    .         Harm     .   (no cloak)
rCorr    .         Rampage  .   (no gloves)
MR       .....                  (no boots)
Stlth    ++........             (no amulet)
HPRegen  0.13/turn              (no ring)
MPRegen  0.11/turn              (no ring)

@: slowed, very slow
A: unfitting armour, cold-blooded, AC +5
a: no special abilities


You were on level 4 of the Dungeon.
You visited 1 branch of the dungeon, and saw 4 of its levels.

You collected 171 gold pieces.

Inventory:

Missiles
 j - 23 poisoned darts (quivered)
Magical Staves
 h - an uncursed staff of fire (weapon)
Scrolls
 a - 2 scrolls of amnesia {unknown}
 b - 2 scrolls of teleportation {unknown}
 d - 4 scrolls of identify {unknown}
 e - 2 scrolls of enchant weapon {unknown}
 f - 3 scrolls of remove curse {unknown}
 i - a scroll of noise {unknown}
Potions
 c - a potion of attraction {unknown}
 g - a potion of heal wounds {unknown}
 k - a potion of invisibility {unknown}


   Skills:
 - Level 1.1 Fighting
 + Level 2.7 Dodging
 - Level 1.7 Stealth
 + Level 2.9 Spellcasting
 * Level 5.2 Conjurations


You had 6 spell levels left.
You knew the following spells:

 Your Spells              Type           Power        Failure   Level
a - Magic Dart            Conj           ###.         1%          1
b - Searing Ray           Conj           ###...       2%          2

Your spell library contained the following spells:

 Spells                   Type           Power        Failure   Level
 Dazzling Flash           Conj/Hex       ##....       16%         3
 Fulminant Prism          Conj/Hex       ##........   45%         4
 Iskenderun's Mystic Bla  Conj/Tloc      ##......     45%         4


Dungeon Overview and Level Annotations

Branches:
Dungeon (4/15)
 Temple: D:4-7

Altars:

Annotations:
D:4 Natasha


Innate Abilities, Weirdness & Mutations

Your plain brown scales are hard. (AC +5)
You cannot fit into any form of body armour.
You are cold-blooded and may be slowed by cold attacks.


Message History

The white imp spits at you. The white imp barely misses you.
Unknown command.
You closely miss Natasha.
Your tail-slap misses Natasha.
Natasha is almost dead.
Natasha mumbles some strange words.
The white imp hits you but does no damage.
Natasha casts a spell at you.
You feel as though you will be slow longer.
The white imp hits you.
* * * LOW HITPOINT WARNING * * *
The white imp freezes you.
You feel as though you will be slow longer.
* * * LOW HITPOINT WARNING * * *
Okay, then.
You barely miss Natasha.
Natasha is almost dead.
Natasha stares at you and mumbles some strange words.
The magic dart hits you.
You die...

.8.#
.(......#
....#.......#
.8...#$....#
..#.......#
....5....+
...=....#
#5h.....#
#@####..#
#....#..###
####.#....#
###<.....#
#......###
#.####...#
#.###...##
#†##..⌠..##
#.#......^#


You could see Natasha, a crimson imp (summoned) and a white imp (summoned).

Vanquished Creatures
  A hound (D:2)
  An iguana (D:4)
  2 adders
  A shadow imp (D:3)
  3 worms
  A dart slug (D:1)
  2 leopard geckos
  6 orcs (D:3)
  4 ball pythons
  3 giant cockroaches
  7 goblins
  2 hobgoblins
  3 jackals (D:3)
  A quokka (D:3)
  9 bats
  3 frilled lizards
  2 kobolds
  12 rats
63 creatures vanquished.

Notes
Turn   | Place    | Note
-------+----------+-------------------------------------------
     0 | D:1      | streetpizza the Draconian Conjurer began the quest for the
                  | Orb.
     0 | D:1      | Reached XP level 1. HP: 14/14 MP: 3/3
   509 | D:1      | Reached XP level 2. HP: 20/22 MP: 0/5
   512 | D:1      | Learned a level 2 spell: Searing Ray
  2043 | D:2      | Reached skill level 1 in Fighting
  2175 | D:2      | Reached XP level 3. HP: 28/28 MP: 3/6
  2434 | D:2      | Reached XP level 4. HP: 34/35 MP: 0/7
  3148 | D:3      | Reached skill level 5 in Conjurations
  3597 | D:4      | Reached XP level 5. HP: 30/40 MP: 5/9
  3681 | D:4      | Noticed Natasha
  3692 | D:4      | Killed from afar by Natasha

Illustrated notes

Levels and vault maps discovered:
D:1:      ebering_trefoil_3fold, layout_basic
D:2:      layout_basic
D:3:      layout_basic
D:4:      layout_basic, lemuel_zombie_altar_kikubaaqudgha,
          chequers_temple_overflow_minitemple, minmay_temple_entry_sparse_star,
          grunt_ministairs_9, uniq_natasha

Skill      XL: |  1  2  3  4 |
---------------+-------------+-----
Dodging        | 2 |  2.7
Fighting       | 1 |  1.1
Conjurations   | 5 |  5.2
Stealth        | |  1.7
Spellcasting   | |  2.9

Action                   |  1- 3 |  4- 6 || total
-------------------------+-------+-------++-------
Melee: Unarmed           |    10 |     4 ||    14
       Tailslap          |     1 |     2 ||     3
       Staff             |       |    10 ||    10
 Cast: Magic Dart        |    59 |    16 ||    75
       Searing Ray       |     6 |    12 ||    18
 Stab: Sleeping          |       |     1 ||     1
Armor: Skin              |    10 |    11 ||    21
Dodge: Dodged            |    18 |    22 ||    40

Table legend: (Time is in decaauts)
 A = Elapsed time spent in this place.
 B = Non-inter-level travel time spent in this place.
 C = Inter-level travel time spent in this place.
 D = Time resting spent in this place.
 E = Time spent auto-exploring this place.
 F = Levels seen in this place.
 G = Mean time per level.
                   A        B        C        D        E       F      G
               +--------+--------+--------+--------+--------+-----+--------+
         Total |   3699 |   3490 |    209 |     89 |   2944 |   4 |  924.8 |
       Dungeon |   3699 |   3490 |    209 |     89 |   2944 |   4 |  924.8 |
               +--------+--------+--------+--------+--------+-----+--------+

Top non-repeatable levels by time:
     D:1: 1882 daAuts
     D:2: 981 daAuts
     D:3: 718 daAuts
     D:4: 117 daAuts
